 Dungeon Crawl Stone Soup version 0.22-a0-858-g985ef60 (webtiles) character file.

275 Gildeon the Poker (level 6, 0/43 HPs)
             Began as an Octopode Fighter on July 27, 2018.
             Killed from afar by an orc wizard (10 damage)
             ... with a puff of flame
             ... on level 4 of the Dungeon.
             The game lasted 00:15:34 (2697 turns).

Gildeon the Poker (Octopode Fighter)                Turns: 2697, Time: 00:15:35

Health: 0/43       AC:  1    Str: 18    XL:     6   Next: 24%
Magic:  6/6        EV: 12    Int: 10    God:
Gold:   157        SH:  0    Dex: 11    Spells: 5/5 levels left

rFire    . . .     SeeInvis .   a - +0 trident
rCold    . . .     Gourm    .   b - +0 shield
rNeg     . . .     Faith    .   (helmet restricted)
rPois    .         Spirit   .   g - +3 amulet of reflection
rElec    .         Reflect  +   p - ring of teleportation (curse)
rCorr    .         Harm     .   (no ring)
MR       .....     Rnd*Tele +   (no ring)
Stlth    ++........             (no ring)
HPRegen  0.14/turn              (no ring)
MPRegen  0.10/turn              (no ring)
                                (no ring)
                                (no ring)

@: confused, lethally poisoned (0 -> 0)
A: almost no armour, stealthy swim, amphibious, 8 rings, constrict 8, camouflage
1, mutation resistance 1, wild magic 1, gelatinous body 1
a: no special abilities


You were on level 4 of the Dungeon.
You were not hungry.

You visited 1 branch of the dungeon, and saw 4 of its levels.

You collected 157 gold pieces.

Inventory:

Hand Weapons
 a - a +0 trident (weapon)
Armour
 b - a +0 shield (worn)
Jewellery
 g - a +3 amulet of reflection (around mantle)
 p - a cursed ring of teleportation (left tentacle)
Scrolls
 f - a scroll of fog
Potions
 c - a potion of might
 e - 2 potions of flight
 h - a potion of invisibility
 i - a potion of curing
 j - a potion of heal wounds
 k - a potion of brilliance
 l - a potion of haste {unknown}
Comestibles
 d - 3 rations
 m - 6 chunks of flesh


   Skills:
 + Level 3.9 Fighting
 * Level 4.2 Polearms
 + Level 3.6 Dodging
 + Level 3.4 Stealth
 + Level 3.6 Shields


You had 5 spell levels left.
You didn't know any spells.
Your spell library was empty.

Dungeon Overview and Level Annotations

Branches:
Dungeon (4/15)
 Temple: D:4-7

Altars:
Kikubaaqudgha

Shops:
D:4 (


Innate Abilities, Weirdness & Mutations

You cannot wear most types of armour.
You are very stealthy in the water. (Stealth+)
You are amphibious.
You can wear up to eight rings at the same time.
You can use your tentacles to constrict eight enemies at once.
Your skin changes colour to match your surroundings (Stealth+).
Your rubbery body absorbs attacks. (AC +1, EV +1)
You are somewhat resistant to further mutation.
Your spells are a little harder to cast, but a little more powerful.


Message History

You closely miss something.
You feel sick. You block something's attack.
You miss something. Something hits you.
Some of the chunks of flesh in your inventory have rotted away.
You miss something. You block something's attack.
You closely miss something.
You feel sick.
You hear some strange, mumbled words.
You are confused.
Something hits you.
* * * LOW HITPOINT WARNING * * *
A frilled lizard comes into view.
Found Uguuca's Weapon Boutique.
You bump into the rock wall.
You're too confused to move!
You hear some strange, mumbled words.
Something tries to affect you, but you resist.
You bump into the rock wall.
You feel sick.
You hear some strange, mumbled words.
A puff of flame appears from out of thin air!
The puff of flame hits you!
You die...

**,,**,*,**#** ##..
###*,,.#*,..,...###..#
#..,,*.###.***#.......
#####.#***⌠.⌠.,* *####..#.
#.....# *.∩.,,* *.....#..
#.....# *⌠.⌠,#* #........
#.>...# *l##.# #######..
#.....####.$..# ##.
#.....)†.@.#,**** ###.
#.....####......#######...
#.$...# *#####...........
#.<...# #########.##
#.....# #..# ####### #.###
#######.... #..........
#..........


You could see a frilled lizard (wandering).

Vanquished Creatures
  A phantom (D:4)
  A bullfrog skeleton (D:4)
  A hound (D:4)
  A worker ant (D:4)
  2 adders
  3 dart slugs
  4 leopard geckos
  10 orcs (D:4)
  2 giant cockroaches
  7 goblins
  6 hobgoblins
  7 jackals
  A ball python (D:2)
  6 bats
  7 frilled lizards
  6 kobolds
  2 leopard gecko skeletons (D:4)
  A quokka skeleton (D:4)
  2 rats (D:1)
70 creatures vanquished.

Notes
Turn   | Place    | Note
-------+----------+-------------------------------------------
     0 | D:1      | Gildeon the Octopode Fighter began the quest for the Orb.
     0 | D:1      | Reached XP level 1. HP: 16/16 MP: 1/1
    44 | D:1      | Reached XP level 2. HP: 8/21 MP: 2/2
    47 | D:1      | Reached skill level 1 in Stealth
   595 | D:1      | Reached XP level 3. HP: 16/26 MP: 3/3
  1309 | D:2      | Reached skill level 3 in Polearms
  1431 | D:2      | Gained mutation: Your spells are a little harder to cast, but a little more powerful. [potion of mutation]
  1431 | D:2      | Gained mutation: You are somewhat resistant to further mutation. [potion of mutation]
  1512 | D:2      | Reached XP level 4. HP: 18/31 MP: 4/4
  2542 | D:4      | Reached XP level 5. HP: 34/36 MP: 5/5
  2597 | D:4      | Noticed a phantom
  2616 | D:4      | Found an ancient bone altar of Kikubaaqudgha.
  2626 | D:4      | Killed a phantom
  2626 | D:4      | Reached skill level 4 in Polearms
  2626 | D:4      | Reached XP level 6. HP: 20/43 MP: 6/6
  2694 | D:4      | Found Uguuca's Weapon Boutique.
  2697 | D:4      | Killed from afar by an orc wizard

Vault maps used:
D:1:      nicolae_arrival_memento_mori, minmay_distorted
D:2:      kennysheep_generic_room_9
D:4:      marbit_many_paths, serial_shops, shop_fountains

Skill      XL: |  1  2  3  4  5 |
---------------+----------------+-----
Stealth        | 1 2 3 |  3.4
Polearms       | 3 4 |  4.2
Fighting       | |  3.9
Dodging        | |  3.6
Shields        | |  3.6

Action                   |  1- 3 |  4- 6 || total
-------------------------+-------+-------++-------
Melee: Trident           |    75 |    72 ||   147
       Constrict         |    20 |    12 ||    32
       Tentacles         |    15 |    13 ||    28
  Use: Scroll            |     8 |     6 ||    14
       Potion            |     1 |       ||     1
 Stab: Sleeping          |     8 |     9 ||    17
  Eat: Ration            |     1 |     1 ||     2
Armor: Skin              |     4 |     3 ||     7
Dodge: Dodged            |    35 |    15 ||    50
Block: Shield            |    33 |    30 ||    63
       Reflection        |       |     1 ||     1

Table legend:
 A = Spawn XP
 B = Non-spawn XP
 C = Spawn XP percentage of total XP
 D = Spawn monster count
 E = Non-spawn monster count
 F = Spawn count percentage of total count
 G = Total turns spent on level
                    A         B        C        D         E        F      G
               +---------+---------+-------+---------+---------+-------+---------
         Total |       0 |     393 |   0.0 |       0 |      70 |   0.0 |  2697
               +---------+---------+-------+---------+---------+-------+---------
           D:1 |       0 |      38 |   0.0 |       0 |      24 |   0.0 |   799
           D:2 |       0 |      45 |   0.0 |       0 |      17 |   0.0 |   770
           D:3 |       0 |      21 |   0.0 |       0 |      11 |   0.0 |   728
           D:4 |       0 |     289 |   0.0 |       0 |      18 |   0.0 |   400
               +---------+---------+-------+---------+---------+-------+---------
